AoeStats
← MeowMe

African Clearing

506615115Analyzed
4v4 RM · 17d ago on Sep 14, 2026· 58m 47s· 8 players
Game mode
Random Map
Map size
Large (8 player)
Population
200
Speed
Normal
Resources
Standard
Victory
Conquest
Starting age
Dark Age
Ending age
Imperial Age
RankedLock teamsTeams togetherTeam positionsShared explorationLock speedFull tech treeHidden civsTurbo modeCheats
Victory
Defeat
🇧🇾 Jurchens · Belarus
1507
+16
🇷🇺 Khitans · Russia
1493
+17
🇬🇪 Shu · Georgia
1444
+19
🇨🇳 Poles · China
1416
+20
🇮🇳 Khmer · India
1551
-19
🇦🇺 Mongols · Australia
1524
-19
🇦🇺 Koreans · Australia
1492
-17
🇦🇺 Saracens · Australia
1485
-17
燕人万人敌
4:02 Loom
13:29 Feudal Age
14:34 Double-Bit Axe
17:17 Castle Age
15:44 Stone Mining
18:46 Wheelbarrow
23:08 Double-Bit Axe
28:44 Horse Collar
29:16 Szlachta Privileges
30:19 Bloodlines
30:24 Scale Barding Armor
30:46 Husbandry
31:48 Chain Barding Armor
31:39 Forging
31:55 Heavy Plow
32:49 Forging
34:56 Iron Casting
38:45 Imperial Age
37:02 Hand Cart
36:33 Town Watch
37:32 Fortified Wall
37:53 Bow Saw
38:50 Cavalier
41:18 Blast Furnace
40:57 Conscription
42:44 Crop Rotation
42:31 Masonry
42:02 Treadmill Crane
43:24 Light Cavalry
45:19 Lechitic Legacy
44:26 Winged Hussar
47:55 Elite Obuch
51:45 Thumb Ring
51:00 Crossbowman
52:15 Fletching
52:26 Padded Archer Armor
52:48 Ballistics
53:29 Chemistry
52:03 Arbalester
52:53 Bodkin Arrow
54:23 Leather Archer Armor
54:24 Gold Mining
55:18 Bracer
58:45 Siege Engineers
SiraZaika
6:16 Loom
7:14 Loom
11:42 Feudal Age
12:18 Double-Bit Axe
12:21 Town Watch
14:26 Forging
21:54 Castle Age
20:50 Scale Barding Armor
24:15 Chain Barding Armor
24:32 Iron Casting
24:28 Fletching
26:19 Bodkin Arrow
26:25 Padded Archer Armor
34:18 Sanctity
37:32 Wheelbarrow
44:39 Imperial Age
42:37 Gold Mining
43:17 Husbandry
44:14 Leather Archer Armor
45:12 Hand Cart
45:34 Ballistics
46:08 Bracer
46:32 Thumb Ring
47:15 Conscription
47:50 Parthian Tactics
48:46 Chemistry
49:12 Heavy Cavalry Archer
53:27 Ring Archer Armor
56:50 Plate Barding Armor
MeowMe
6:59 Loom
14:44 Feudal Age
19:30 Castle Age
19:14 Stone Mining
20:00 Pikeman
21:21 Scale Mail Armor
23:18 Fletching
23:54 Chain Mail Armor
27:00 Bodkin Arrow
28:03 Squires
27:48 Arson
29:35 Forging
32:31 Town Watch
38:11 Wheelbarrow
40:08 Gold Mining
40:20 Horse Collar
43:04 Hand Cart
42:49 Town Patrol
50:09 Imperial Age
50:20 Coiled Serpent Array
52:15 Elite White Feather Guard
53:15 Conscription
52:56 Bolt Magazine
59:15 Coinage
58:55 Guilds
58:46 Caravan
OLADUSHEK
10:51 Feudal Age
10:12 Loom
11:53 Double-Bit Axe
12:34 Town Watch
14:28 Forging
16:00 Scale Barding Armor
17:18 Bloodlines
18:15 Wheelbarrow
22:02 Castle Age
20:45 Padded Archer Armor
23:05 Bow Saw
24:30 Horse Collar
24:40 Gold Mining
26:07 Hand Cart
30:39 Leather Archer Armor
33:32 Heavy Plow
34:10 Gold Shaft Mining
34:24 Heavy Plow
40:50 Siege Engineers
41:12 Fletching
45:57 Imperial Age
45:14 Ballistics
47:24 Ring Archer Armor
47:57 Two-Man Saw
48:11 Conscription
50:01 Thunderclap Bombs
50:26 Stone Mining
51:46 Treadmill Crane
53:34 Chemistry
55:08 Murder Holes
55:24 Masonry
55:00 Arrowslits
56:46 Fortified Bastions
58:49 Architecture
57:43 Heavy Rocket Cart
vidsag
10:05 Loom
12:28 Feudal Age
19:50 Castle Age
34:20 Double-Bit Axe
34:16 Horse Collar
37:09 Town Watch
The Rohirrim
3:58 Loom
13:58 Feudal Age
17:50 Castle Age
16:37 Forging
16:16 Double-Bit Axe
19:02 Bow Saw
20:05 Iron Casting
31:38 Bloodlines
33:11 Scale Barding Armor
33:31 Husbandry
39:25 Imperial Age
39:35 Heavy Camel Rider
40:39 Chain Barding Armor
41:20 Elite Mameluke
42:37 Onager
44:32 Two-Man Saw
42:58 Heavy Camel Rider
47:16 Wheelbarrow
48:49 Blast Furnace
48:25 Plate Barding Armor
49:30 Siege Onager
51:43 Scale Mail Armor
54:24 Chemistry
53:45 Ballistics
58:04 Light Cavalry
Expensive PC Crasher
6:22 Loom
12:36 Feudal Age
15:48 Double-Bit Axe
18:09 Castle Age
19:57 Bow Saw
19:45 Fletching
21:54 Husbandry
22:37 Bodkin Arrow
24:40 Ballistics
27:11 Padded Archer Armor
28:29 Bloodlines
34:10 Horse Collar
37:06 Wheelbarrow
36:46 Town Watch
48:57 Imperial Age
49:30 Hand Cart
50:25 Conscription
50:08 Bracer
51:11 Chemistry
50:27 Thumb Ring
54:51 Leather Archer Armor
TheWololoWombat
3:53 Loom
14:30 Feudal Age
15:41 Double-Bit Axe
18:17 Castle Age
24:41 Squires
36:46 Fletching
37:59 Bodkin Arrow
39:46 Husbandry
41:56 Ballistics
Connection lost

Rejoining the realm…

Still unreachable

The connection could not be restored.

Session expired

The server has moved on; the page needs a fresh start.